 Dungeon Crawl Stone Soup version 0.25-a0-35-g747a2b3 (console) character file.

Game seed: 1339479381323592644, levelgen mode: deterministic

4529 FoCheiMinh the Magician (level 10, -8/73 HPs)
             Began as a Formicid Wizard on Oct 19, 2019.
             Was a Priest of Cheibriados.
             Mangled by an eight-headed hydra (16 damage)
             ... on level 1 of the Lair of Beasts.
             The game lasted 00:57:59 (12198 turns).

FoCheiMinh the Magician (Formicid Wizard)          Turns: 12198, Time: 00:57:59

Health: -8/73      AC:  4    Str: 21    XL:     10   Next: 66%
Magic:  5/20       EV: 13    Int: 28    God:    Cheibriados [***...]
Gold:   508        SH:  7    Dex: 17    Spells: 14/23 levels left

rFire    . . .     SeeInvis +   a - +0 whip (elec)
rCold    + . .     Gourm    .   i - +2 buckler
rNeg     . . .     Faith    .   d - +0 robe
rPois    +         Spirit   .   (helmet unavailable)
rElec    .         Reflect  .   e - scarf {cloud immunity}
rCorr    .         Harm     .   g - +0 pair of gloves
MR       +....                  f - +0 pair of boots
Stlth    +++.......             (no amulet)
HPRegen  0.22/turn              C - ring of protection from cold
MPRegen  0.17/turn              P - ring of poison resistance

@: studying Axes, very slow
A: permanent stasis, dig shafts and tunnels, four strong arms, antennae 3
a: Dig, Shaft Self, Bend Time, Temporal Distortion, Renounce Religion


You were on level 1 of the Lair of Beasts.
You worshipped Cheibriados.
Cheibriados was most pleased with you.
You were not hungry.

You visited 2 branches of the dungeon, and saw 12 of its levels.

You collected 508 gold pieces.

Inventory:

Hand Weapons
 a - a +0 whip of electrocution (weapon)
 b - a +2 whip of freezing
 k - a +2 short sword of protection
 L - a +0 vampiric spear
 M - a +0 battleaxe
 R - a +0 war axe
 U - the +9 staff of Wucad Mu {channel}
   (You found it on level 7 of the Dungeon)
Missiles
 j - 132 stones
 q - 139 arrows
 Q - 47 poisoned darts (quivered)
Armour
 d - a +0 robe (worn)
 e - a scarf of cloud immunity (worn)
 f - a +0 pair of boots (worn)
 g - a +0 pair of gloves (worn)
 i - a +2 buckler (worn)
 x - a +0 scale mail
Magical Staves
 u - an uncursed staff of poison
Jewellery
 C - a ring of protection from cold (left hand)
 P - a ring of poison resistance (right hand)
Wands
 m - a wand of scattershot (6)
 n - a wand of polymorph (9)
 t - a wand of acid (7)
 y - a wand of disintegration (12)
 K - a wand of flame (25)
Scrolls
 o - a scroll of random uselessness {unknown}
 p - a scroll of remove curse {unknown}
 r - 2 scrolls of identify
 s - 3 scrolls of enchant weapon {unknown}
 v - a scroll of holy word {unknown}
 w - 2 scrolls of immolation {unknown}
 A - a scroll of fear {unknown}
 D - 2 scrolls of magic mapping {unknown}
 H - a scroll of enchant armour {unknown}
 I - 6 scrolls of teleportation {unknown}
 J - a scroll of brand weapon {unknown}
 T - a scroll of noise {unknown}
Potions
 h - 3 potions of curing
 l - a potion of brilliance
 z - a potion of invisibility
 B - a potion of might
 E - 4 potions of cancellation {unknown}
 F - 2 potions of heal wounds
 G - a potion of lignification
 N - a potion of magic {unknown}
 V - 2 potions of mutation {unknown}
Books
 W - a manual of Axes
Comestibles
 c - 16 rations


   Skills:
 * Level 4.5 Fighting
 * Level 3.6 Axes
 + Level 3.1 Dodging
 + Level 4.4 Stealth
 * Level 4.1 Shields
 * Level 7.3 Spellcasting
 * Level 6.6 Conjurations
 - Level 4.4 Summonings
   Level 0.8 Translocations
 - Level 3.1 Fire Magic
 - Level 2.0 Air Magic
 - Level 4.0 Poison Magic
 * Level 4.8 Invocations


You had 14 spell levels left.
You knew the following spells:

 Your Spells              Type           Power        Failure   Level  Hunger
a - Magic Dart            Conj           ####         1%          1    None
c - Mephitic Cloud        Conj/Pois/Air  ####....     2%          3    None
f - Conjure Flame         Conj/Fire      #####...     2%          3    None
i - Call Imp              Summ           #####...     1%          2    None

Your spell library contained the following spells:

 Spells                   Type           Power        Failure   Level  Hunger
 Slow                     Hex            ##......     9%          2    None
 Blink                    Tloc           Unusable     N/A         2    N/A

Dungeon Overview and Level Annotations

Branches:
Dungeon (11/15)            Temple (0/1) D:6            Lair (1/6) D:8
    Orc: D:9-12

Altars:
Cheibriados
Elyvilon
Gozag
Kikubaaqudgha
Nemelex Xobeh
Ru
Uskayaw
Vehumet
Yredelemnul
The Shining One

Annotations:
D:2 Sigmund
D:7 3 runed translucent doors, Laraso's ghost, novice DsGl


Innate Abilities, Weirdness & Mutations

You cannot be hasted, slowed, berserked, paralysed or teleported.
You can dig through walls and to a lower floor.
Your four strong arms can wield two-handed weapons with a shield.
You have a pair of large antennae on your head. (SInv)


Message History

A beastly little devil appears in a puff of flame.
The eight-headed hydra barely misses you.
The eight-headed hydra closely misses you.
The eight-headed hydra bites you.
The eight-headed hydra barely misses you.
The eight-headed hydra bites you! x2
The eight-headed hydra bites you but does no damage.
The eight-headed hydra bites you!
* * * LOW HITPOINT WARNING * * *
Unknown command.
You barely miss the eight-headed hydra.
The eight-headed hydra is moderately wounded.
The eight-headed hydra bites you but does no damage.
The eight-headed hydra bites you!
* * * LOW HITPOINT WARNING * * *
The eight-headed hydra bites you.
* * * LOW HITPOINT WARNING * * *
You block the eight-headed hydra's attack.
The eight-headed hydra bites you!
You die...

.....# #.....# #.....#
..D .##.....# ### ..
........# ###.### ..
........###.....# .
....H.....#.....## #####
.
........†........###.##.
#
.....5D@................
#
.###.#..5...............
## # #.P..#.............
P# #####.##...........
.### ########.......
...## ### ####....
....### ####.#######
###.. ......##
##..........### ###
.....>.##
##.............######


You could see an eight-headed hydra, a hippogriff (confused), a friendly iron
imp and a friendly crimson imp.

Vanquished Creatures
  2 trolls
  2 water moccasins (Lair:1)
  2 porcupines (Lair:1)
  A sky beast (D:7)
  A black bear (D:8)
  2 ice beasts
  2 wolves (D:8)
  An ogre (D:7)
  2 centaurs (D:8)
  2 crocodiles
  Blork the orc (D:6)
  2 big kobolds
  5 bullfrogs
  A gnoll sergeant (D:6)
  4 scorpions
  4 wights (D:8)
  4 howler monkeys
  3 vampire bats (D:3)
  2 electric eels (D:8)
  3 crimson imps
  3 orc priests
  7 hounds
  2 bullfrog skeletons
  A jelly (D:7)
  3 orc wizards
  Jessica (D:2)
  3 iguanas
  2 worker ants
  A hound skeleton (D:4)
  4 adders
  13 gnolls
  An ooze (D:3)
  3 adder skeletons (D:8)
  3 worms
  2 dart slugs
  6 leopard geckos
  27 orcs
  4 bats (D:1)
  3 bat skeletons (D:3)
  2 bat zombies (D:3)
  A giant cockroach (D:3)
  2 gnoll zombies (D:4)
  4 goblins
  2 hobgoblins
  11 jackals
  19 kobolds
  5 quokkas
  A ball python (D:1)
  9 frilled lizards
  A leopard gecko skeleton (D:4)
  2 quokka skeletons
  4 rats
198 creatures vanquished.

Vanquished Creatures (collateral kills)
  A spiny frog (Lair:1)
  A basilisk (Lair:1)
  A black bear (D:7)
  An orc wizard (D:3)
  An adder (D:3)
  An orc (D:6)
  4 jackals (D:6)
10 creatures vanquished.

Grand Total: 208 creatures vanquished

Notes
Turn   | Place    | Note
-------+----------+-------------------------------------------
     0 | D:1      | FoCheiMinh the Formicid Wizard began the quest for the Orb.
     0 | D:1      | Reached XP level 1. HP: 13/13 MP: 4/4
    47 | D:1      | Reached skill level 1 in Conjurations
   159 | D:1      | Reached XP level 2. HP: 18/19 MP: 2/6
   179 | D:1      | Learned a level 2 spell: Call Imp
  1189 | D:2      | Reached XP level 3. HP: 24/24 MP: 4/8
  1194 | D:2      | Learned a level 3 spell: Conjure Flame
  1211 | D:2      | Noticed Sigmund
  1264 | D:2      | Noticed Jessica
  1468 | D:1      | Reached skill level 4 in Spellcasting
  1733 | D:2      | Killed Jessica
  1733 | D:2      | Reached XP level 4. HP: 30/30 MP: 1/10
  1915 | D:2      | Reached skill level 1 in Fire Magic
  1923 | D:2      | Learned a level 3 spell: Mephitic Cloud
  2416 | D:3      | Found a sacrificial altar of Ru.
  2750 | D:3      | Found an ancient bone altar of Kikubaaqudgha.
  2779 | D:3      | Reached XP level 5. HP: 11/35 MP: 6/11
  3283 | D:3      | Reached skill level 1 in Poison Magic
  3283 | D:3      | Reached XP level 6. HP: 39/42 MP: 3/12
  3839 | D:3      | Found a white marble altar of Elyvilon.
  4146 | D:4      | Reached skill level 1 in Fighting
  4310 | D:4      | Reached XP level 7. HP: 25/48 MP: 6/14
  4517 | D:4      | Reached skill level 1 in Air Magic
  4789 | D:4      | Found a basalt altar of Yredelemnul.
  5235 | D:5      | Entered Level 5 of the Dungeon
  5574 | D:5      | Found a radiant altar of Vehumet.
  5574 | D:5      | Found a snail-covered altar of Cheibriados.
  5584 | D:5      | Became a worshipper of Cheibriados the Contemplative
  5704 | D:5      | Reached skill level 5 in Spellcasting
  5829 | D:5      | Reached skill level 1 in Invocations
  6199 | D:5      | Reached XP level 8. HP: 53/54 MP: 9/15
  6717 | D:6      | Found a staircase to the Ecumenical Temple.
  6738 | D:6      | Reached * piety under Cheibriados
  7481 | D:6      | Noticed Blork the orc
  7538 | D:6      | Killed Blork the orc
  7699 | D:6      | Found a glowing golden altar of the Shining One.
  8090 | D:7      | Reached XP level 9. HP: 36/62 MP: 4/17
  8268 | D:7      | Reached skill level 5 in Conjurations
  8411 | D:7      | Reached ** piety under Cheibriados
  8685 | D:7      | Reached skill level 6 in Spellcasting
  8745 | D:7      | Reached skill level 1 in Shields
  8978 | D:7      | Found a runed translucent gate.
  9043 | D:7      | Found a runed translucent gate.
  9044 | D:7      | Found a runed translucent gate.
  9046 | D:7      | Noticed Laraso's ghost (novice DsGl)
  9241 | D:7      | Found the +9 staff of Wucad Mu {channel}
  9241 | D:7      | Found a hide-covered altar of Uskayaw.
  9489 | D:7      | Found an opulent altar of Gozag.
  9490 | D:7      | Found a sparkling altar of Nemelex Xobeh.
  9947 | D:8      | Reached skill level 1 in Axes
 10110 | D:8      | Noticed a troll
 10160 | D:8      | Reached *** piety under Cheibriados
 10182 | D:8      | Reached XP level 10. HP: 24/71 MP: 15/19
 10185 | D:8      | You fall into a shaft and drop 3 floors!
 10850 | D:10     | Entered Level 10 of the Dungeon
 11221 | D:8      | Found a hide-covered altar of Uskayaw.
 11274 | D:8      | Reached **** piety under Cheibriados
 11363 | D:8      | Found a staircase to the Lair.
 11644 | Lair:1   | Entered Level 1 of the Lair of Beasts
 11644 | Lair:1   | Noticed a spiny frog
 11653 | Lair:1   | Killed a spiny frog
 11963 | Lair:1   | Reached skill level 7 in Spellcasting
 12080 | Lair:1   | Noticed an eight-headed hydra
 12198 | Lair:1   | Mangled by an eight-headed hydra

Levels and vault maps discovered:
D:1:      nicolae_arrival_memento_mori, layout_basic, minmay_misc_feat_ornament
D:2:      layout_basic, first_ration, uniq_jessica, uniq_sigmund
D:3:      layout_basic, kennysheep_vampire_church,
          nicolae_ru_sacrificial_ziggurat, marbit_many_paths
D:4:      layout_gridville, lemuel_zombie_altar_yredelemnul
D:5:      layout_loops_ring, nicolae_overflow_hidden_temple,
          grunt_decor_one_mirror
D:6:      layout_loops_ring, tso_oasis_becter, temple_statues,
          minmay_diced_spiral, uniq_blork_the_orc
D:7:      layout_layer_cave, grunt_temple_overflow_opulence,
          eat_drink_and_be_merry_uskayaw, ebering_ghost_rock_garden
D:8:      cheibrodos_helix_gallery, layout_rooms, erik_lair_island, basic_altar,
          minmay_manual_mares
D:9:      minmay_the_grid_triangle_9x9_rhombus_thin
          [minmay_the_grid_triangle_9x9_empty,
          minmay_the_grid_triangle_9x9_prize_top_heavy,
          minmay_the_grid_triangle_9x9_steps,
          minmay_the_grid_triangle_9x9_pentomino_pain], layout_stronghold,
          blue_anna_alchemist [blue_anna_fruit_fields, blue_anna_fruit_fields],
          minmay_misc_feat_five, uniq_maurice, uniq_grum
D:10:     layout_stronghold, serial_shops, shop
D:11:     layout_irregular_city, erik_orc_3, enter_trove_0
Lair:1:   layout_cave_pods, nicolae_volcano_entry_batcave, serial_bayou_shore_b

Skill      XL: |  1  2  3  4  5  6  7  8  9 10 |
---------------+-------------------------------+-----
Conjurations   | 1 2 3 4 5 6 |  6.6
Spellcasting   | 4 5 6 7 |  7.3
Fire Magic     | 1 2 3 |  3.1
Summonings     | 2 3 4 |  4.4
Poison Magic   | 1 2 3 4 |  4.0
Stealth        | 3 4 |  4.4
Fighting       | 1 2 3 4 |  4.5
Air Magic      | 1 2 |  2.0
Dodging        | 2 3 |  3.1
Invocations    | 1 2 4 |  4.8
Shields        | 2 4 |  4.1
Axes           | 1 3 |  3.6
Translocations | |  0.8

Action                   |  1- 3 |  4- 6 |  7- 9 | 10-12 || total
-------------------------+-------+-------+-------+-------++-------
Melee: Dagger            |     5 |       |       |       ||     5
       Whip              |       |    95 |   260 |    73 ||   428
       Staff             |       |       |    16 |       ||    16
 Cast: Magic Dart        |    64 |   122 |   227 |    95 ||   508
       Call Imp          |       |     4 |     6 |     6 ||    16
       Mephitic Cloud    |       |     1 |    20 |     6 ||    27
       Conjure Flame     |       |       |     3 |       ||     3
Invok: Slouch            |       |       |       |     1 ||     1
 Abil: Dig               |     1 |     7 |    17 |     4 ||    29
       Shaft Self        |       |       |       |     1 ||     1
  Use: Scroll            |       |       |       |     7 ||     7
 Stab: Sleeping          |     1 |     1 |     1 |       ||     3
       Confused          |       |     1 |     5 |     4 ||    10
       Distracted        |       |       |     1 |       ||     1
  Eat: Chunk             |     1 |    10 |    16 |     4 ||    31
Armor: Robe              |     6 |    39 |    32 |     8 ||    85
Dodge: Dodged            |    19 |   111 |   163 |    54 ||   347
Block: Buckler           |       |       |    43 |    31 ||    74

Table legend:
 A = Non-vault XP
 B = Vault XP
 C = Vault XP percentage of total XP
 D = Non-vault monster count
 E = Vault monster count
 F = Vault count percentage of total count
                 A         B        C        D         E       F
            +---------+---------+-------+---------+---------+-------
      Total |    5097 |    1373 |  21.2 |     183 |      25 |  12.0
            +---------+---------+-------+---------+---------+-------
        D:1 |      40 |       0 |   0.0 |      17 |       0 |   0.0
        D:2 |      44 |      37 |  45.7 |      15 |       1 |   6.2
        D:3 |     157 |     189 |  54.6 |      21 |       9 |  30.0
        D:4 |     329 |       3 |   0.9 |      21 |       2 |   8.7
        D:5 |     294 |       0 |   0.0 |      16 |       0 |   0.0
        D:6 |     536 |     194 |  26.6 |      26 |       3 |  10.3
        D:7 |    1189 |       0 |   0.0 |      29 |       0 |   0.0
        D:8 |     796 |     950 |  54.4 |      22 |      10 |  31.2
       D:11 |     432 |       0 |   0.0 |       8 |       0 |   0.0
     Lair:1 |    1280 |       0 |   0.0 |       8 |       0 |   0.0
            +---------+---------+-------+---------+---------+-------
